 Dungeon Crawl Stone Soup version 0.20.1-1-g8b1a95d (webtiles) character file.

190 Lanoc the Gusty (level 6, -1/27 (32) HPs)
             Began as a Kobold Air Elementalist on Nov 27, 2017.
             Slain by a polar bear (17 damage)
             ... created by the rage of Trog
             ... on level 3 of the Dungeon.
             The game lasted 00:18:55 (2276 turns).

Lanoc the Gusty (Kobold Air Elementalist)           Turns: 2276, Time: 00:18:56

HP:   -1/27 (32)    AC:  6    Str:  5    XL:     6   Next: 1%
MP:   6/11          EV: 16    Int: 18    God:
Gold: 151           SH:  0    Dex: 16    Spells: 2/12 levels left

rFire    . . .     SeeInvis .     - Unarmed
rCold    . . .     Gourm    .   (shield restricted)
rNeg     . . .     Faith    .   a - +0 robe
rPois    .         Spirit   .   e - +2 hat
rElec    .         Reflect  .   (no cloak)
rCorr    .         Harm     .   (no gloves)
MR       .....                  (no boots)
Stlth    ++........             (no amulet)
Regen    0.1/turn               (no ring)
MPRegen  0.2/turn               m - +2 ring of protection

@: sluggish, very slow
A: carnivore 3
a: no special abilities


You were on level 3 of the Dungeon.
You were very full.

You visited 1 branch of the dungeon, and saw 3 of its levels.

You collected 151 gold pieces.

Inventory:

Hand Weapons
 u - a +3 dagger
Armour
 a - a +0 robe (worn)
 e - a +2 hat (worn)
Jewellery
 m - a +2 ring of protection (right hand)
Scrolls
 h - a scroll of amnesia {unknown}
 i - 5 scrolls of identify
 l - 3 scrolls of remove curse
 o - 2 scrolls of random uselessness {unknown}
 r - a scroll of noise {unknown}
 s - a scroll of enchant armour {unknown}
Potions
 d - 2 potions of curing
 f - a potion of ambrosia {unknown}
 g - a potion of lignification {unknown}
 k - 3 potions of resistance {unknown}
 n - a potion of cancellation {unknown}
 p - a potion of brilliance {unknown}
 q - a potion of agility {unknown}
 t - a potion of invisibility {unknown}
Books
 b - a book of Air

   Spells                             Type                      Level
   a - Shock                          Conjuration/Air              1
   b - Swiftness                      Charms/Air                   2
   c - Static Discharge               Conjuration/Air              3
   d - Airstrike                      Air                          4
   e - Lightning Bolt                 Conjuration/Air              5
Comestibles
 c - 2 meat rations
 j - 3 royal jellies


   Skills:
 + Level 3.4 Dodging
 + Level 3.3 Stealth
 + Level 1.0 Unarmed Combat
 + Level 3.6 Spellcasting
 + Level 2.0 Conjurations
 + Level 4.0 Air Magic


You had 2 spell levels left.
You knew the following spells:

 Your Spells              Type           Power        Failure   Level  Hunger
a - Shock                 Conj/Air       ##..         4%          1    None
b - Swiftness             Chrm/Air       ##......     10%         2    ##.....
c - Static Discharge      Conj/Air       ##......     13%         3    ###....
d - Airstrike             Air            ###.......   28%         4    ####...


Dungeon Overview and Level Annotations

Branches:
Dungeon (3/15)

Altars:
Ru
Trog


Innate Abilities, Weirdness & Mutations

You are small and have problems with some larger weapons.
You are carnivorous and can eat meat at any time.


Message History

The polar bear misses you. The polar bear completely misses you.
The polar bear barely misses you.
Found a stone staircase leading down.
The kobold throws a stone.
The stone misses you. The polar bear misses you.
The polar bear claws you but does no damage.
The polar bear barely misses you.
You hear an angry growl.
The kobold throws a stone.
The stone hits you but does no damage. The polar bear barely misses you. x3
You see here a stone.
You hear an angry growl.
The polar bear bites you! The polar bear claws you. x2
You see here a stone.
You hear an angry growl. x2
The polar bear closely misses you. The polar bear barely misses you.
The polar bear claws you but does no damage.
You hear an angry growl. x3
The polar bear bites you!
Ouch! That really hurt!
You die...

#.# #....... #
######## #####.#
....#.# ......#
##### ......+
.... ......# #>.
......# #.#
.h....# #@#
......# #h#
###h### #(#
#.############(#
#...........(..#
#############K##
#.# #.# #.#


You could see a polar bear (berserk) and a kobold.

Vanquished Creatures
  Jessica (D:3)
  11 adders
  An ooze (D:1)
  2 dart slugs
  2 leopard geckos (D:2)
  4 bats
  8 giant cockroaches
  6 hobgoblins
  6 ball pythons
  3 frilled lizards
  7 goblins
  7 kobolds
  5 rats
63 creatures vanquished.

Notes
Turn   | Place    | Note
-------+----------+-------------------------------------------
     0 | D:1      | Lanoc the Kobold Air Elementalist began the quest for the Orb.
     0 | D:1      | Reached XP level 1. HP: 10/10 MP: 3/3
   223 | D:1      | Reached XP level 2. HP: 4/15 MP: 0/5
   464 | D:1      | Reached XP level 3. HP: 14/19 MP: 0/6
   499 | D:1      | Learned a level 2 spell: Swiftness
   503 | D:1      | Learned a level 3 spell: Static Discharge
   819 | D:2      | Found a sacrificial altar of Ru.
   985 | D:2      | Reached XP level 4. HP: 16/24 MP: 0/8
  1234 | D:2      | Reached XP level 5. HP: 26/28 MP: 5/10
  1243 | D:2      | Learned a level 4 spell: Airstrike
  1384 | D:2      | Found a faded altar of an unknown god.
  1386 | D:2      | Became a worshipper of Trog the Wrathful
  1386 | D:2      | Reached * piety under Trog
  1392 | D:2      | Fell from the grace of Trog
  1712 | D:3      | Reached skill level 1 in Unarmed Combat
  1912 | D:3      | Reached skill level 4 in Air Magic
  2243 | D:3      | Noticed Jessica
  2246 | D:3      | Killed Jessica
  2246 | D:3      | Reached XP level 6. HP: 27/27 MP: 6/11
  2252 | D:3      | Noticed a polar bear
  2252 | D:3      | Noticed a black bear
  2252 | D:3      | Noticed a polar bear
  2252 | D:3      | Noticed a polar bear
  2252 | D:3      | Noticed a black bear
  2276 | D:3      | Slain by a polar bear

Skill      XL: |  1  2  3  4  5 |
---------------+----------------+-----
Spellcasting   | 3 |  3.6
Stealth        | 3 |  3.3
Dodging        | 3 |  3.4
Unarmed Combat | 1 |  1.0
Air Magic      | 4 |  4.0
Conjurations   | 2 |  2.0

Action                   |  1- 3 |  4- 6 || total
-------------------------+-------+-------++-------
Melee: Unarmed           |    36 |    11 ||    47
 Cast: Shock             |    56 |    81 ||   137
       Airstrike         |       |     3 ||     3
       Swiftness         |       |     1 ||     1
Invok: Renounce Religion |       |     1 ||     1
  Use: Scroll            |     3 |       ||     3
       Potion            |       |     1 ||     1
  Eat: Chunk             |     9 |     4 ||    13
Armor: Robe              |     5 |     7 ||    12
Dodge: Dodged            |    61 |    58 ||   119
